 Dungeon Crawl Stone Soup version 0.24-a0-160-gfa3a8d6 (console) character file.

Game seed: 577414000159561824

356 Duffy the Chopper (level 6, -5/52 HPs)
             Began as a Naga Gladiator on Mar 5, 2019.
             Slain by an orc warrior
             ... wielding a +0 war axe
              (20 damage)
             ... on level 4 of the Dungeon.
             The game lasted 00:04:03 (4340 turns).

Duffy the Chopper (Naga Gladiator)                  Turns: 4340, Time: 00:04:03

Health: -5/52      AC:  7    Str: 16    XL:     6   Next: 63%
Magic:  8/8        EV:  9    Int: 11    God:
Gold:   163        SH:  3    Dex: 12    Spells: 5/5 levels left

rFire    . . .     SeeInvis +   a - +2 war axe
rCold    . . .     Gourm    .   p - +0 buckler
rNeg     . . .     Faith    .   b - +0 leather armour
rPois    +         Spirit   .   c - +0 helmet
rElec    .         Reflect  .   o - +0 cloak
rCorr    .         Harm     .   h - +1 pair of gloves
MR       .....                  (no barding)
Stlth    +.........             (no amulet)
HPRegen  0.17/turn              (no ring)
MPRegen  0.11/turn              (no ring)

@: very slow
A: large, see invisible, deformed body, poison resistance, slowness 2, slow
metabolism 1, spit poison 1, AC +2
a: Spit Poison


You were on level 4 of the Dungeon.
You were hungry.

You visited 1 branch of the dungeon, and saw 5 of its levels.

You collected 163 gold pieces.

Inventory:

Hand Weapons
 a - a +2 war axe (weapon)
Missiles
 d - 3 throwing nets (quivered)
 k - 14 javelins
Armour
 b - a +0 leather armour (worn)
 c - a +0 helmet (worn)
 h - a +1 pair of gloves (worn)
 o - a +0 cloak (worn)
 p - a +0 buckler (worn)
Wands
 m - a wand of flame (11)
Scrolls
 l - 6 scrolls of teleportation
 y - a scroll of fog
Potions
 e - a potion of agility {unknown}
 g - a potion of degeneration {unknown}
 i - 4 potions of heal wounds
 j - a potion of invisibility {unknown}
 u - a potion of flight {unknown}
 w - a potion of haste {unknown}
 x - a potion of mutation {unknown}
 A - a potion of curing {unknown}
 B - 2 potions of ambrosia {unknown}
Comestibles
 f - 8 rations


   Skills:
 - Level 2.0 Fighting
 + Level 6.5 Axes
 - Level 1.7 Throwing
 - Level 2.4 Dodging
 + Level 2.8 Evocations


You had 5 spell levels left.
You didn't know any spells.
Your spell library was empty.

Dungeon Overview and Level Annotations

Branches:
Dungeon (5/15)
 Temple: D:4-7

Altars:
Dithmenos
Ru


Innate Abilities, Weirdness & Mutations

You cannot wear boots.
Your serpentine skin is tough. (AC +2)
You have supernaturally acute eyesight. (SInv)
Armour fits poorly on your strangely shaped body.
Your system is resistant to poisons. (rPois)
You cover ground very slowly.
You have a slow metabolism.
You can spit poison.


Message History

You hit the phantom. You hit the orc warrior.
The gnoll hits you from afar with a +0 spear.
The phantom hits you. The worker ant bites you.
You block the orc warrior's attack.
You are too injured to fight recklessly!
You are too injured to fight recklessly!
You are too injured to fight recklessly!
You are too injured to fight recklessly!
You are too injured to fight recklessly!
You are too injured to fight recklessly!
You are too injured to fight recklessly!
You are too injured to fight recklessly!
You are too injured to fight recklessly!
You hit the orc warrior but do no damage.
The orc warrior is severely wounded.
You completely miss the worker ant. You hit the phantom.
The worker ant bites you. The gnoll closely misses you. The phantom hits you.
The phantom blinks!
The orc warrior hits you with a +0 war axe!!
You die...

#####(......#...##.....## #.#
....#.......'...##......### #.#
.####(......#...####......# #.#
.#####.....##...# *######.#######.#
.)>.###).)###...#*#...###.........#
>########## #...##.....###...####..
.##......####...#.......#..(..# #.#
....#......##...0..g....#.....# #.#
.#####.....##...#@o.....#.....# #.#
.# #......#...##a....###...## #.#
.# ###........#*#...## ##.## #.# .#
########## *#### #.# #.#
.########## #.# #.# #.# ..........#
#.# #.# #.# #########.# #.# #.# #.#
#.# #.# #.# #.# #.# #.# #######.#
#.#


You could see an orc warrior, a worker ant and a gnoll.

Vanquished Creatures
  A scorpion (D:5)
  An orc priest (D:5)
  An orc wizard (D:4)
  Terence (D:2)
  Natasha (thrice) (D:4)
  Robin (D:2)
  3 adders
  An ooze (D:2)
  An adder skeleton (D:4)
  A worm (D:2)
  4 dart slugs
  3 leopard geckos
  An orc (D:5)
  2 giant cockroaches
  17 goblins
  14 hobgoblins
  6 jackals (D:3)
  2 quokkas
  3 ball pythons
  3 bats
  6 frilled lizards
  6 kobolds
  11 rats
92 creatures vanquished.

Notes
Turn   | Place    | Note
-------+----------+-------------------------------------------
     0 | D:1      | Duffy the Naga Gladiator began the quest for the Orb.
     0 | D:1      | Reached XP level 1. HP: 19/19 MP: 1/1
   293 | D:1      | Reached XP level 2. HP: 26/26 MP: 2/2
   773 | D:1      | Reached skill level 4 in Axes
   955 | D:1      | Reached XP level 3. HP: 32/32 MP: 3/3
   966 | D:2      | Noticed Robin
  1536 | D:2      | Killed Robin
  1669 | D:2      | Reached XP level 4. HP: 35/39 MP: 4/4
  1672 | D:2      | Found a sacrificial altar of Ru.
  1778 | D:2      | Reached skill level 5 in Axes
  1921 | D:2      | Noticed Terence
  1931 | D:2      | Killed Terence
  1979 | D:2      | Reached XP level 5. HP: 33/45 MP: 5/5
  2142 | D:2      | Found a shadowy altar of Dithmenos.
  3119 | D:5      | Entered Level 5 of the Dungeon
  3131 | D:5      | Reached skill level 6 in Axes
  3131 | D:5      | Reached skill level 1 in Evocations
  3216 | D:5      | Reached XP level 6. HP: 6/52 MP: 7/7
  3852 | D:4      | Noticed Natasha
  3862 | D:4      | Killed Natasha
  3930 | D:4      | Noticed Natasha
  3936 | D:4      | Killed Natasha
  4087 | D:4      | Noticed Natasha
  4105 | D:4      | Killed Natasha
  4329 | D:4      | Noticed an orc warrior
  4330 | D:4      | Noticed a phantom
  4340 | D:4      | Slain by an orc warrior

Levels and vault maps discovered:
D:1:      minmay_arrival_five_plusses, layout_rooms
D:2:      layout_rooms, nicolae_dithmenos_through_a_glass_darkly,
          nicolae_ru_awakened_eye, uniq_terence, uniq_robin
D:3:      layout_rooms
D:4:      minmay_opposing_rooms, layout_loops_ring, fountainhead, uniq_natasha
D:5:      layout_loops_ring, minmay_temple_entry_drinking_statues, first_ration

Skill      XL: |  1  2  3  4  5 |
---------------+----------------+-----
Axes           | 4 5 6 |  6.5
Evocations     | 2 |  2.8
Fighting       | |  2.0
Throwing       | |  1.7
Dodging        | |  2.4

Action                   |  1- 3 |  4- 6 || total
-------------------------+-------+-------++-------
Melee: War axe           |    71 |   163 ||   234
 Abil: Spit Poison       |     2 |     6 ||     8
Evoke: Wand              |       |     1 ||     1
  Use: Scroll            |       |    11 ||    11
 Stab: Sleeping          |       |     1 ||     1
  Eat: Chunk             |     1 |     7 ||     8
Armor: Leather armour    |    40 |    65 ||   105
Dodge: Dodged            |    51 |    92 ||   143
Block: Buckler           |     1 |    23 ||    24

Table legend:
 A = Non-vault XP
 B = Vault XP
 C = Vault XP percentage of total XP
 D = Non-vault monster count
 E = Vault monster count
 F = Vault count percentage of total count
                 A         B        C        D         E       F
            +---------+---------+-------+---------+---------+-------
      Total |     392 |     117 |  23.0 |      75 |      17 |  18.5
            +---------+---------+-------+---------+---------+-------
        D:1 |      36 |      17 |  32.1 |      23 |       9 |  28.1
        D:2 |      70 |      57 |  44.9 |      19 |       5 |  20.8
        D:3 |      37 |       0 |   0.0 |      23 |       0 |   0.0
        D:4 |     131 |      43 |  24.7 |       7 |       3 |  30.0
        D:5 |     118 |       0 |   0.0 |       3 |       0 |   0.0
            +---------+---------+-------+---------+---------+-------
